 Dungeon Crawl Stone Soup version 0.17.1-1-g73c8601 (webtiles) character file.

3175 Goblin1989 the Basher (level 10, -1/56 HPs)
             Began as a Kobold Hunter on Jan 9, 2016.
             Was a Priest of Okawaru.
             Succumbed to a killer bee's poison
             ... on level 7 of the Dungeon.
             The game lasted 00:34:06 (8102 turns).

Goblin1989 the Basher (Kobold Hunter)               Turns: 8102, Time: 00:34:07

Health: -1/56      AC:  7    Str: 12    XL:     10   Next: 16%
Magic:  10/10      EV: 16    Int:  9    God:    Okawaru [***...]
Gold:   392        SH:  0    Dex: 23    Spells: 0 memorised, 9 levels left

rFire  . . .     SeeInvis .     b - +2 whip (elec)
rCold  + . .     Clarity  .     u - +1 ring mail {rC+}
rNeg   . . .     SustAt   .     (shield restricted)
rPois  .         Gourm    .     (no helmet)
rElec  .         Spirit   .     g - +0 cloak
rCorr  .         Warding  .     (no gloves)
rMut   .         Stasis   .     (no boots)
MR     +....                    A - amulet of regeneration
Stlth  ++........               L - ring of protection from magic
                                q - +4 ring of dexterity

@: lethally poisoned (-1 -> -18), flying, hasted, very quick, somewhat resistant
to hostile enchantments, unstealthy
A: carnivore 3
a: Heroism, Renounce Religion


You were on level 7 of the Dungeon.
You worshipped Okawaru.
Okawaru was most pleased with you.
You were very full.

You visited 1 branch of the dungeon, and saw 8 of its levels.
You also visited: Sewer.

You collected 392 gold pieces.

Inventory:

Hand Weapons
 a - a +1 hand crossbow
 b - a +2 whip of electrocution (weapon)
Missiles
 d - 46 bolts (quivered)
 y - 11 bolts of penetration
 F - 17 bolts of frost
Armour
 g - a +0 cloak (worn)
 u - a +1 ring mail of cold resistance (worn)
Jewellery
 q - a +4 ring of dexterity (left hand)
 A - an amulet of regeneration (around neck)
 I - an uncursed ring of fire
 L - a ring of protection from magic (right hand)
 M - an uncursed ring of protection from magic
Scrolls
 c - 2 scrolls of teleportation {unknown}
 i - 4 scrolls of magic mapping
 j - a scroll of enchant armour {unknown}
 k - 3 scrolls of enchant weapon {unknown}
 o - 4 scrolls of fear {unknown}
 p - 4 scrolls of identify
 s - a scroll of recharging {unknown}
 t - 2 scrolls of remove curse {unknown}
 v - a scroll of blinking {unknown}
 x - 3 scrolls of random uselessness {unknown}
 z - a scroll of fog {unknown}
 B - a scroll of noise {unknown}
Potions
 h - a potion of curing {unknown}
 l - a potion of poison {unknown}
 w - 3 potions of agility
 C - 6 potions of flight
 E - a potion of mutation {unknown}
 G - a potion of magic {unknown}
 H - a potion of haste
 J - 2 potions of degeneration {unknown}
Comestibles
 e - 5 meat rations
 n - 3 slices of pizza


   Skills:
 - Level 3.5 Fighting
   Level 2.9 Short Blades
 * Level 11.8 Maces & Flails
 - Level 6.8 Crossbows
 - Level 4.2 Dodging
 - Level 1.3 Stealth


You had 9 spell levels left.
You didn't know any spells.

Dungeon Overview and Level Annotations

Branches:
Dungeon (8/15)             Temple (0/1) D:5
   Lair: D:8-11

Altars:
Cheibriados
Dithmenos
Fedhas
Kikubaaqudgha
Nemelex Xobeh
Okawaru
Ru
Vehumet

Annotations:
D:6 Menkaure


Innate Abilities, Weirdness & Mutations

You are small and have problems with some larger weapons.
You are carnivorous and can eat meat at any time.


Message History

* * * LOW HITPOINT WARNING * * *
You are more poisoned.
The killer bee poisons you!
* * * LOW HITPOINT WARNING * * *
You feel very sick. The killer bee misses you. x2
* * * LOW HITPOINT WARNING * * *
You feel very sick. The killer bee completely misses you.
Unknown command.
Drink which item? (? for menu, Esc to quit)
It was a potion of flight.
You feel very buoyant.
You fly up into the air.
* * * LOW HITPOINT WARNING * * *
You feel sick. The killer bee misses you. The killer bee stings you.
* * * LOW HITPOINT WARNING * * *
Drink which item? (? for menu, Esc to quit)
It was a potion of haste.
You feel yourself speed up.
You die...

#.##............#
#.# #
#.##.###.######.#
#.# # ###.##.# #.#
#.# #.# #
.....#.###.#### #.#
#.# ###
.##...........# #.#
#.# #..
.#####..###.#.# #(#
#.# #.. .#
#..#.....# #.# #.#
#.. .#
#..#.....###.# #.#
#.. .#
#.....>..yy@.# #.#
#.. ##
##.#......#### #.#
##. #.#....[...# #.#
#. #.######"#.# #.#
##. #######.# #.#.#
#.# #.# ........#
#.#.# #.#########..
######### #.#.#
#...........# #
#.#.################
#
#.#...(.............


You could see 2 killer bees.

Vanquished Creatures
  Pikel (D:6)
  The ghost of Uhlv the Cudgeler, an amateur MiBe of Trog (D:7)
  Sigmund (D:4)
  The ghost of Goblin1989 the Ruffian, an amateur VSMo (D:4)
  Edmund (D:5)
  A necrophage (D:7)
  A slave (D:6)
  2 centaurs
  An ogre (D:5)
  Blork the orc (D:5)
  2 big kobolds (Sewer)
  A giant frog (D:8)
  3 scorpions
  A vampire bat (D:2)
  3 wights (D:6)
  2 giant frog zombies
  The ghost of Gargoyl the Conjurer, a weakling DECj (Sewer)
  2 hounds
  A centaur skeleton (D:5)
  4 crimson imps
  3 orc priests
  2 jellies
  Terence (D:3)
  6 orc wizards
  3 worker ants
  2 giant frog skeletons
  A killer bee zombie (D:6)
  An iguana (D:3)
  A hound zombie (D:3)
  3 gnolls (D:7)
  A worker ant zombie (D:7)
  10 adders
  A shadow imp (D:7)
  9 oozes
  4 worms
  8 giant geckos
  10 orcs
  6 ball pythons
  5 bats
  3 bat skeletons (D:2)
  2 bat zombies (D:2)
  10 giant cockroaches
  6 hobgoblins
  4 jackals
  A giant gecko zombie (D:6)
  2 giant newts
  13 goblins
  12 kobolds
  A quokka skeleton (D:6)
  16 rats
178 creatures vanquished.

Vanquished Creatures (others)
  A slave (D:6)
  A hound (D:6)
  2 worker ants (D:6)
4 creatures vanquished.

Grand Total: 182 creatures vanquished

Notes
Turn   | Place    | Note
--------------------------------------------------------------
     0 | D:1      | Goblin1989 the Kobold Hunter began the quest for the Orb.
     0 | D:1      | Reached XP level 1. HP: 12/12 MP: 1/1
   436 | D:1      | Reached skill level 1 in Short Blades
   436 | D:1      | Reached XP level 2. HP: 9/17 MP: 2/2
   510 | D:1      | Reached skill level 5 in Crossbows
   712 | D:1      | Reached XP level 3. HP: 20/22 MP: 3/3
  1262 | D:2      | Reached XP level 4. HP: 14/27 MP: 4/4
  1475 | D:2      | Found a blossoming altar of Fedhas.
  1918 | D:2      | Found an ancient bone altar of Kikubaaqudgha.
  1958 | D:2      | Reached skill level 6 in Crossbows
  1958 | D:2      | Reached XP level 5. HP: 17/32 MP: 5/5
  2429 | D:3      | Found a sparkling altar of Nemelex Xobeh.
  2889 | D:3      | Reached XP level 6. HP: 23/37 MP: 6/6
  3203 | D:3      | Noticed Terence
  3212 | D:3      | Killed Terence
  3567 | D:4      | Found a snail-covered altar of Cheibriados.
  3579 | D:4      | Noticed Goblin1989's ghost (amateur VSMo)
  3604 | D:4      | Found a radiant altar of Vehumet.
  3889 | D:4      | Found a shadowy altar of Dithmenos.
  4036 | D:4      | Noticed Sigmund
  4112 | D:5      | Entered Level 5 of the Dungeon
  4131 | D:5      | Reached skill level 1 in Maces & Flails
  4182 | D:5      | Found an iron altar of Okawaru.
  4189 | D:5      | Became a worshipper of Warmaster Okawaru
  4462 | D:5      | Reached XP level 7. HP: 21/41 MP: 7/7
  4635 | D:5      | Reached * piety under Okawaru
  4648 | D:5      | Found a staircase to the Ecumenical Temple.
  4740 | D:5      | Noticed Blork the orc
  4759 | D:5      | Killed Blork the orc
  4815 | D:5      | Reached skill level 5 in Maces & Flails
  4815 | D:5      | Reached XP level 8. HP: 20/46 MP: 8/8
  4985 | D:5      | Found a sacrificial altar of Ru.
  5053 | D:5      | Noticed Edmund
  5060 | D:5      | Killed Edmund
  5386 | D:6      | Found a glowing drain.
  5439 | Sewer    | Entered a sewer
  5443 | Sewer    | Noticed Gargoyl's ghost (weakling DECj)
  5454 | Sewer    | Killed Gargoyl's ghost
  5532 | Sewer    | Reached skill level 7 in Maces & Flails
  5814 | D:6      | Noticed Menkaure
  6002 | D:6      | Reached skill level 8 in Maces & Flails
  6108 | D:6      | Noticed Pikel
  6149 | D:6      | Killed Pikel
  6149 | D:6      | Reached skill level 9 in Maces & Flails
  6149 | D:6      | Reached XP level 9. HP: 48/51 MP: 7/9
  6269 | D:7      | Reached ** piety under Okawaru
  6295 | D:7      | Noticed Uhlv's ghost (amateur MiBe)
  6388 | D:6      | Reached skill level 10 in Maces & Flails
  6627 | D:6      | Found a sparkling altar of Nemelex Xobeh.
  6763 | D:4      | Killed Sigmund
  7222 | D:4      | Killed Goblin1989's ghost
  7448 | D:7      | Reached skill level 11 in Maces & Flails
  7501 | D:7      | Reached *** piety under Okawaru
  7511 | D:7      | Reached XP level 10. HP: 41/54 MP: 10/10
  7660 | D:7      | Killed Uhlv's ghost
  8101 | D:7      | HP: 2/56 [killer bee (6)]
  8102 | D:7      | Succumbed to a killer bee's poison

Action                   |  1- 3 |  4- 6 |  7- 9 | 10-12 || total
-------------------------+-------+-------+-------+-------++-------
Melee: Short sword       |   102 |   184 |       |       ||   286
       Whip              |       |    26 |   311 |    45 ||   382
       Unarmed           |       |     6 |       |       ||     6
 Fire: Hand crossbow     |     9 |    15 |    55 |       ||    79
Invok: Heroism           |       |       |     3 |     1 ||     4
Evoke: Wand              |       |       |     5 |       ||     5
  Use: Potion            |       |     1 |     1 |     3 ||     5
       Scroll            |       |       |     1 |     1 ||     2
 Stab: Sleeping          |     5 |     3 |     4 |     2 ||    14
       Paralysed         |       |       |     2 |       ||     2
  Eat: Chunk             |    10 |     8 |    14 |     1 ||    33
